 Dungeon Crawl Stone Soup version 0.15-a0-198-g2f4809b (webtiles) character file.

271 PolkaDot the Caller (level 4, -4/30 HPs)
             Began as a Vampire Summoner on Apr 23, 2014.
             Killed by divine providence
             ... invoked by an orc priest
              (12 damage)
             ... on Level 4 of the Dungeon.
             The game lasted 00:08:11 (2727 turns).

PolkaDot the Caller (Vampire Summoner)              Turns: 2727, Time: 00:08:11

HP  -4/30        AC  3     Str  7      XL: 4   Next: 55%
MP   4/7         EV 13     Int 18      God:
Gold 165         SH  0     Dex 14      Spells:  2 memorised,  3 levels left

rFire  . . .     SeeInvis +     g - +2,+0 whip (elec)
rCold  . . .     Clarity  .     a - +0 robe
rNeg   . . .     Conserve .     (no shield)
rPois  .         rCorr    .     (no helmet)
rElec  .         rRot     .     m - +0 cloak
SustAb . .       Spirit   .     (no gloves)
rMut   .         Warding  .     (no boots)
Saprov . . .     Stasis   .     (no amulet)
MR     .....                    (no ring)
                                (no ring)

@: regenerating quickly, not resistant to hostile enchantments, stealthy
A: fangs 3, see invisible, unbreathing
a: no special abilities


You were on level 4 of the Dungeon.
You were very full.

You visited 1 branch of the dungeon, and saw 4 of its levels.

You collected 165 gold pieces.

Inventory:

Hand weapons
 g - a +2,+0 whip of electrocution (weapon)
Armour
 a - a +0 robe (worn)
 m - a +0 cloak (worn)
Scrolls
 d - 4 scrolls of remove curse
 e - a scroll of noise {unknown}
 f - a scroll of recharging {unknown}
 j - 3 scrolls of identify {unknown}
 l - a scroll of fog {unknown}
Potions
 c - a potion of restore abilities {unknown}
 h - a potion of flight {unknown}
 i - 2 potions of heal wounds
 k - a potion of haste {unknown}
 n - a potion of poison {unknown}
Books
 b - a book of Callings

   Spells                             Type                      Level
   *Summon Small Mammal               Summoning                    1
   Call Imp                           Summoning                    2
   *Call Canine Familiar              Summoning                    3
   Summon Guardian Golem              Hexes/Summoning              4
   Summon Lightning Spire             Summoning/Air                4
   Summon Ice Beast                   Ice/Summoning                4


   Skills:
 - Level 2.5 Dodging
 - Level 3.3 Stealth
 - Level 2.2 Spellcasting
 * Level 5.6 Summonings


You had 3 spell levels left.
You knew the following spells:

 Your Spells              Type           Power        Failure   Level  Hunger
a - Summon Small Mammal   Summ           ###.         1%          1    #......
c - Call Canine Familiar  Summ           ###.....     6%          3    ###....


Dungeon Overview and Level Annotations

Branches:
Dungeon (4/15)
 Temple: D:4-7

Altars:
Fedhas
Nemelex Xobeh
Yredelemnul


Innate Abilities, Weirdness & Mutations

Your natural rate of healing is unusually fast.
You have razor-sharp teeth.*
You have supernaturally acute eyesight.
You can survive without breathing.*


Message History

The orc priest misses you.
Your hound bites the orc priest but does no damage.
The orc priest prays to Beogh.
You feel a wave of unholy energy pass over you.
You barely miss the orc priest.
Your hound barely misses the orc priest.
The orc hits you but does no damage. The orc priest completely misses you.
The orc hits you but does no damage.
You hit the orc priest.
The orc priest is lightly wounded.
Your hound bites the orc priest but does no damage.
Your hound barely misses the orc priest.
The orc hits you. The orc hits your hound with a whip.
The orc barely misses you. The orc priest hits you with a flail!
* * * LOW HITPOINT WARNING * * *
A giant gecko comes into view.
Your hound bites the orc but does no damage.
The orc priest mumbles some strange prayers to Beogh against you.
Something smites you!
You die...

l8........
......%.....
......[.......
.8..............
....o............
......oh.........
.......o..........
.......o.o....#
.#.....#.@<<.#....
##### #######


You could see 2 orc priests, 3 orcs and a friendly hound.

Vanquished Creatures
  Crazy Yiuf (D:3)
  4 adders
  3 giant geckos (D:3)
  An ooze (D:3)
  2 orcs (D:3)
  4 giant cockroaches
  4 hobgoblins
  2 jackals (D:1)
  7 kobolds
  A quokka (D:2)
  2 bats (D:2)
  3 giant newts
  6 goblins
  8 rats
  A spectral orc (D:3)
49 creatures vanquished.

Vanquished Creatures (collateral kills)
  A bat (D:2)
  A goblin (D:1)
  2 jackals (D:1)
  A kobold (D:2)
  A quokka (D:2)
  A giant newt (D:1)
7 creatures vanquished.

Grand Total: 56 creatures vanquished

Notes
Turn   | Place    | Note
--------------------------------------------------------------
     0 | D:1      | PolkaDot, the Vampire Summoner, began the quest for the Orb.
     0 | D:1      | Reached XP level 1. HP: 13/13 MP: 3/3
   375 | D:1      | Reached XP level 2. HP: 19/19 MP: 4/4
  1483 | D:2      | Reached XP level 3. HP: 3/24 MP: 6/6
  1672 | D:2      | Learned a level 3 spell: Call Canine Familiar
  1848 | D:3      | Reached skill level 5 in Summonings
  1867 | D:3      | Noticed Crazy Yiuf
  1871 | D:3      | Killed Crazy Yiuf
  1871 | D:3      | Reached XP level 4. HP: 30/30 MP: 2/7
  1933 | D:3      | Found a sparkling altar of Nemelex Xobeh.
  1933 | D:3      | Found a blossoming altar of Fedhas.
  1985 | D:3      | Found a basalt altar of Yredelemnul.
  2727 | D:4      | Killed from afar by an orc priest

Action                   |  1- 3 |  4- 6 || total
-------------------------+-------+-------++-------
Melee: Unarmed           |    39 |       ||    39
       Whip              |    94 |    42 ||   136
 Cast: Summon Small Mamm |    12 |       ||    12
       Call Canine Famil |     2 |     2 ||     4
  Use: Potion            |     2 |       ||     2
       Scroll            |     1 |       ||     1
 Stab: Sleeping          |     4 |     1 ||     5
       Distracted        |     1 |       ||     1
